 Dungeon Crawl Stone Soup version 0.28.0 (webtiles) character file.

Game seed: 16987714324938815669

66 Hasart the Shield-Bearer (level 3, 0/31 HPs)
             Began as a Demigod Fighter on Feb 15, 2022.
             Succumbed to a goblin's poison
             ... on level 2 of the Dungeon.
             The game lasted 00:01:05 (1604 turns).

Hasart the Shield-Bearer (Demigod Fighter)          Turns: 1604, Time: 00:01:05

Health: 0/31       AC:  6    Str: 21    XL:     3   Next: 69%
Magic:  5/5        EV:  9    Int: 10    God:
Gold:   32         SH:  4    Dex: 13    Spells: 2/2 levels left

rFire   + . .      SeeInvis .   a - +0 long sword
rCold   + . .      Faith    .   c - +0 buckler
rNeg    . . .      Spirit   .   b - +0 scale mail
rPois   +          Reflect  .   (no helmet)
rElec   +          Harm     .   (no cloak)
rCorr   +          Rampage  .   (no gloves)
Will    .....                   (no boots)
Stlth   ..........              (no amulet)
HPRegen 0.10/turn               (no ring)
MPRegen 0.09/turn               (no ring)

@: lethally poisoned (0 -> -5), resistant
A: high MP 1, forlorn, divine attributes
a: no special abilities


You were on level 2 of the Dungeon.
You visited 1 branch of the dungeon, and saw 2 of its levels.

You collected 32 gold pieces.

Inventory:

Hand Weapons
 a - a +0 long sword (weapon)
Armour
 b - a +0 scale mail (worn)
 c - a +0 buckler (worn)
Scrolls
 e - a scroll of noise {unknown}
 f - 2 scrolls of identify {unknown}
 g - a scroll of enchant armour {unknown}
 h - a scroll of enchant weapon {unknown}
 j - a scroll of fog {unknown}
 k - a scroll of vulnerability {unknown}
Potions
 d - a potion of might


   Skills:
 + Level 3.0 Fighting
 * Level 2.8 Long Blades
 + Level 3.0 Armour
 + Level 1.0 Dodging
 + Level 3.0 Shields


You had 2 spell levels left.
You didn't know any spells.
Your spell library was empty.

Dungeon Overview and Level Annotations

Branches:
Dungeon (2/15)


Innate Abilities, Weirdness & Mutations

You have an increased reservoir of magic. (+10% MP)
You shall have no god before yourself.
Your divine heritage dramatically boosts your attributes as you level up.


Message History

The goblin is moderately wounded.
You feel very sick. The goblin hits you but does no damage.
You are more poisoned.
The goblin closely misses you.
You barely miss the goblin.
The goblin is moderately wounded.
You feel very sick.
The goblin hits you with a +0 dagger of venom.
You are lethally poisoned!
You slash the goblin!
You kill the goblin!
You feel extremely sick.
You are too injured to fight recklessly!
You are too injured to fight recklessly!
You are too injured to fight recklessly!
You are too injured to fight recklessly!
You are too injured to fight recklessly!
You are too injured to fight recklessly!
You are too injured to fight recklessly!
You are too injured to fight recklessly!
You are too injured to fight recklessly!
You are too injured to fight recklessly!
You are too injured to fight recklessly!
You feel very sick.
Items here: ( )) †.
It was a potion of resistance.
You feel protected.
* * * LOW HITPOINT WARNING * * *
You feel very sick.
Unknown command.
* * * LOW HITPOINT WARNING * * *
You feel sick.
You see here 15 gold pieces.
* * * LOW HITPOINT WARNING * * *
You feel sick.
* * * LOW HITPOINT WARNING * * *
You feel sick.
You see here 15 gold pieces.
You die...

#####........####.....##.#
.............+ ...........
####.........# #.........#
####.........###.........#
...'.........+.#.........#
####.........#............
.............#...?.......#
.......#######.:..........
.......# #..@$##.[....
.......# ###†###......
######## ### #.#........
#.###..##.###.. ..
#.†.......[.. . ..
#.####..#.### ... ######.#
#.# # ... #....#.# ... ..
#...[''#### #..#


There were no monsters in sight!

Vanquished Creatures
  3 adders (D:2)
  2 dart slugs (D:1)
  4 ball pythons
  3 bats
  2 endoplasms (D:1)
  2 giant cockroaches
  4 goblins
  3 hobgoblins
  4 jackals (D:2)
  2 kobolds (D:1)
  4 frilled lizards
  2 rats
35 creatures vanquished.

Notes
Turn   | Place    | Note
-------+----------+-------------------------------------------
     0 | D:1      | Hasart the Demigod Fighter began the quest for the Orb.
     0 | D:1      | Reached XP level 1. HP: 18/18 MP: 3/3
   320 | D:1      | Reached XP level 2. HP: 17/25 MP: 4/4
  1218 | D:2      | Reached XP level 3. HP: 26/30 MP: 5/5
  1497 | D:2      | Reached skill level 1 in Dodging
  1603 | D:2      | HP: 1/31 [poisoned by a goblin]
  1604 | D:2      | Succumbed to a goblin's poison

Illustrated notes

Levels and vault maps discovered:
D:1:      ncdulo_halloftheorcs, layout_basic, corexii_corridor_pit
D:2:      cheibrodos_pilgrimage, layout_basic, minmay_joined_circles

Skill      XL: |  1  2  3 |
---------------+----------+-----
Long Blades    | 2 |  2.8
Shields        | 3 |  3.0
Dodging        | 1 |  1.0
Armour         | 3 |  3.0
Fighting       | 3 |  3.0

Action                   || total
-------------------------++-------
Melee: Long sword        ||   103
  Use: Potion            ||     1
Armor: Scale mail        ||    40
Dodge: Dodged            ||    63
Block: Buckler           ||    26
